 Dungeon Crawl Stone Soup version 0.19-a0-1224-g978f909 (webtiles) character file.

112 LORDOFBUTT the Covered (level 4, -7/36 HPs)
             Began as a Minotaur Fighter on Aug 24, 2016.
             Was a Follower of Hepliaklqana.
             Killed by divine providence
             ... invoked by an orc priest
              (11 damage)
             ... on level 3 of the Dungeon.
             The game lasted 00:03:28 (1571 turns).

LORDOFBUTT the Covered (Minotaur Fighter)           Turns: 1571, Time: 00:03:29

Health: -7/36      AC:  7    Str: 21    XL:     4   Next: 64%
Magic:  3/3        EV:  8    Int:  5    God:    Hepliaklqana [*.....]
Gold:   167        SH:  9    Dex: 10    Spells: 0 memorised, 3 levels left

rFire  . . .     SeeInvis .     a - +0 war axe
rCold  . . .     Gourm    .     b - +0 scale mail
rNeg   . . .     Faith    .     c - +0 shield
rPois  .         Spirit   .     (helmet restricted)
rElec  .         Dismiss  .     (no cloak)
rCorr  .         Reflect  .     (no gloves)
MR     .....     Harm     .     (no boots)
Stlth  ..........               (no amulet)
                                (no ring)
                                (no ring)

@: no status effects
A: retaliatory headbutt, horns 2
a: Recall Ancestor, Ancestor Identity, Renounce Religion


You were on level 3 of the Dungeon.
You worshipped Hepliaklqana.
Hepliaklqana was aware of your devotion.
You were not hungry.

You visited 1 branch of the dungeon, and saw 3 of its levels.

You collected 167 gold pieces.

Inventory:

Hand Weapons
 a - a +0 war axe (weapon)
Armour
 b - a +0 scale mail (worn)
 c - a +0 shield (worn)
Scrolls
 e - 3 scrolls of identify
 h - a scroll of magic mapping {unknown}
 i - 2 scrolls of blinking {unknown}
 k - a scroll of enchant weapon {unknown}
 n - a scroll of amnesia {unknown}
 o - a scroll of fear {unknown}
 p - 2 scrolls of enchant armour {unknown}
 q - a scroll of teleportation {unknown}
 t - 3 scrolls of random uselessness {unknown}
Potions
 d - a potion of might
 j - 2 potions of flight
 l - a potion of heal wounds
 r - a potion of lignification {unknown}
 s - 6 potions of curing {unknown}
Comestibles
 f - 3 bread rations
 g - a beef jerky


   Skills:
 + Level 4.5 Fighting
 + Level 3.2 Axes
 + Level 4.6 Armour
 + Level 1.4 Dodging
 + Level 4.3 Shields


You had 3 spell levels left.
You didn't know any spells.

Dungeon Overview and Level Annotations

Branches:
Dungeon (3/15)

Altars:
Ashenzari
Cheibriados
Hepliaklqana
Trog


Innate Abilities, Weirdness & Mutations

You reflexively headbutt those who attack you in melee.
You have a pair of horns on your head.


Message History

The orc wizard hits you but does no damage.
The orc hits you with a mace!
You completely miss the orc.
The orc is lightly wounded.
You closely miss the orc wizard. The orc wizard hits you with a dagger.
The orc barely misses you. You furiously retaliate!
You headbutt the orc!
You kill the orc!
The orc throws a tomahawk of dispersal.
You block the tomahawk of dispersal.
You closely miss the orc wizard.
Your shield and scale mail prevent you from hitting the orc priest.
You block the orc priest's attack. You block the orc wizard's attack.
You slash the orc wizard!
The orc wizard is severely wounded.
You slash the orc priest!
The orc wizard points at you and mumbles some strange words.
The puff of flame hits you!
* * * LOW HITPOINT WARNING * * *
The orc priest mumbles some strange prayers to Beogh against you.
Beogh smites you!
You die...

##.#.## #...##.# #.#
#.### #......## #.#
#.# #.#.....# #.# #+#
##..###.# #.# ..[
##.# #.# #.# ....
#.###.###.# .....
##.........#
......####...##.#####
.....oo@R.....#.#
.....oo###...##.#
.....#. ##.###.# ....
.. ### #.# ... #..
.). #+ _#. #.# .#..
..# . ..


You could see the friendly Synnove the ancestor, an orc priest, an orc wizard
and 2 orcs.

Vanquished Creatures
  3 adders
  4 oozes
  A worm (D:2)
  A dart slug (D:2)
  3 giant geckos
  An orc (D:3)
  3 bats
  5 giant cockroaches
  8 hobgoblins
  A jackal (D:3)
  2 ball pythons
  A giant newt (D:2)
  9 goblins
  3 kobolds
  9 rats
54 creatures vanquished.

Vanquished Creatures (collateral kills)
  A giant cockroach (D:3)
  2 jackals (D:3)
3 creatures vanquished.

Grand Total: 57 creatures vanquished

Notes
Turn   | Place    | Note
-------+----------+-------------------------------------------
     0 | D:1      | LORDOFBUTT the Minotaur Fighter began the quest for the Orb.
     0 | D:1      | Reached XP level 1. HP: 19/19 MP: 0/0
    20 | D:1      | Reached XP level 2. HP: 17/27 MP: 1/1
   432 | D:1      | Reached XP level 3. HP: 29/33 MP: 2/2
   687 | D:2      | Reached skill level 1 in Dodging
   691 | D:2      | Found a hazy altar of Hepliaklqana.
   774 | D:2      | Reached XP level 4. HP: 34/41 MP: 3/3
   781 | D:2      | Found a snail-covered altar of Cheibriados.
   867 | D:2      | Became a worshipper of Hepliaklqana
   904 | D:2      | Found a shattered altar of Ashenzari.
  1265 | D:3      | Found a bloodstained altar of Trog.
  1335 | D:3      | Reached * piety under Hepliaklqana
  1565 | D:3      | Found a faded altar of an unknown god.
  1571 | D:3      | Killed from afar by an orc priest

Vault maps used:
D:1:      dpeg_arrival_ratfight
D:2:      ashenzari_conservatory_becter, overflow_temple_1_default,
          lemuel_round_altar, minmay_pentomino_u4
D:3:      bloody_trog, ecumenical_altar_1, kennysheep_generic_room_9,
          uniq_grinder

Skill      XL: |  1  2  3  4 |
---------------+-------------+-----
Armour         | 4 |  4.6
Fighting       | 4 |  4.5
Shields        | 4 |  4.3
Dodging        | 1 |  1.4
Axes           | 3 |  3.2

Action                   |  1- 3 |  4- 6 || total
-------------------------+-------+-------++-------
Melee: War axe           |    77 |    55 ||   132
       Headbutt          |    11 |     8 ||    19
  Use: Scroll            |     2 |       ||     2
  Eat: Pizza             |       |     1 ||     1
       Beef jerky        |       |     1 ||     1
Armor: Scale mail        |    39 |    18 ||    57
Dodge: Dodged            |    21 |    16 ||    37
Block: Shield            |    36 |    28 ||    64
